AoeStats
← ALG1S

QS Arena

503202012Analyzed
3v3 RM · 2mo ago on Aug 30, 2026· 58m 45s· 6 players
Game mode
Random Map
Map size
Normal (6 player)
Population
200
Speed
Normal
Resources
Standard
Victory
Conquest
Starting age
Dark Age
Ending age
Imperial Age
RankedLock teamsTeams togetherTeam positionsShared explorationLock speedFull tech treeHidden civsTurbo modeCheats
Victory
Defeat
🇬🇧 Aztecs · United Kingdom
1264
+13
🇬🇧 Burgundians · United Kingdom
1256
+14
🇬🇧 Spanish · United Kingdom
1235
+15
vs
🇵🇱 Persians · Poland
1210
-14
🇵🇱 Turks · Poland
1204
-14
🇵🇱 Malians · Poland
1201
-14
kswistek
8:51 Feudal Age
13:34 Castle Age
12:31 Double-Bit Axe
13:12 Horse Collar
17:03 Scale Mail Armor
22:33 Chain Mail Armor
22:28 Forging
38:16 Iron Casting
39:35 Man-at-Arms
43:03 Imperial Age
40:46 Scale Barding Armor
42:02 Tigui
46:14 Farimba
46:35 Conscription
45:37 Elite Gbeto
45:59 Light Cavalry
46:39 Husbandry
46:50 Bloodlines
52:15 Wheelbarrow
51:26 Loom
51:04 Pikeman
51:05 Long Swordsman
51:49 Squires
55:50 Two-Handed Swordsman
ALG1S
8:49 Feudal Age
12:29 Castle Age
12:03 Double-Bit Axe
13:18 Bow Saw
19:28 Wheelbarrow
26:49 Imperial Age
24:56 Scale Barding Armor
25:07 Bloodlines
24:58 Husbandry
25:42 Forging
25:34 Husbandry
25:49 Horse Collar
26:32 Chain Barding Armor
26:28 Cavalier
27:46 Iron Casting
27:51 Gold Mining
28:36 Hand Cart
28:07 Loom
28:58 Conscription
29:15 Plate Barding Armor
29:08 Savar
31:54 Gold Shaft Mining
32:56 Stone Mining
33:54 Crossbowman
34:40 Thumb Ring
35:06 Kamandaran
36:44 Padded Archer Armor
36:35 Fletching
37:46 Blast Furnace
38:06 Chemistry
37:02 Light Cavalry
38:30 Bodkin Arrow
38:50 Leather Archer Armor
42:15 Ring Archer Armor
41:48 Squires
42:12 Ballistics
41:49 Murder Holes
41:24 Hussar
42:08 Heavy Camel Rider
lukg
10:08 Feudal Age
11:41 Gold Mining
14:59 Castle Age
15:11 Wheelbarrow
14:23 Horse Collar
14:31 Double-Bit Axe
16:50 Bow Saw
17:31 Fletching
24:14 Heavy Plow
28:40 Imperial Age
25:57 Loom
27:20 Gold Shaft Mining
29:04 Hand Cart
29:35 Elite Janissary
32:03 Two-Man Saw
31:26 Padded Archer Armor
31:24 Bodkin Arrow
32:27 Artillery
35:14 Conscription
36:16 Bloodlines
36:06 Husbandry
37:28 Fortified Wall
37:41 Scale Barding Armor
37:47 Forging
37:55 Leather Archer Armor
40:15 Chain Barding Armor
40:31 Iron Casting
44:11 Plate Barding Armor
44:37 Blast Furnace
45:46 Heavy Camel Rider
[MRCN]Nate The Great
8:14 Feudal Age
12:02 Castle Age
10:05 Horse Collar
10:43 Double-Bit Axe
10:57 Loom
13:26 Bow Saw
17:16 Redemption
20:48 Heavy Plow
23:57 Wheelbarrow
24:30 Gold Mining
25:28 Hand Cart
30:20 Imperial Age
28:06 Fletching
32:08 Garland Wars
33:31 Bodkin Arrow
47:38 Sanctity
49:47 Pikeman
50:28 Squires
56:36 Elite Skirmisher
[MRCN]Leech
8:22 Feudal Age
12:29 Castle Age
14:33 Double-Bit Axe
14:29 Horse Collar
17:20 Bloodlines
18:20 Padded Archer Armor
21:04 Bow Saw
21:07 Heavy Plow
22:11 Leather Archer Armor
24:36 Wheelbarrow
28:36 Imperial Age
27:08 Gold Mining
27:55 Hand Cart
27:54 Husbandry
30:44 Chemistry
30:14 Ballistics
30:54 Conscription
31:21 Ring Archer Armor
31:49 Murder Holes
32:19 Elite Conquistador
37:06 Inquisition
38:25 Block Printing
38:38 Illumination
40:45 Thumb Ring
40:05 Elite Skirmisher
41:56 Devotion
41:46 Elite Skirmisher
56:10 Coinage
55:42 Caravan
56:15 Coinage
58:21 Redemption
[MRCN]ScotJh
8:20 Feudal Age
8:57 Double-Bit Axe
9:31 Loom
14:19 Castle Age
12:54 Double-Bit Axe
15:08 Forging
16:13 Bow Saw
16:38 Cavalier
18:41 Scale Barding Armor
19:10 Gold Mining
20:22 Two-Man Saw
19:05 Horse Collar
20:58 Wheelbarrow
20:39 Husbandry
21:48 Chain Barding Armor
21:42 Heavy Plow
25:47 Gold Shaft Mining
26:03 Hand Cart
25:38 Town Watch
30:09 Imperial Age
29:32 Iron Casting
29:01 Scale Mail Armor
30:55 Crop Rotation
31:26 Two-Man Saw
30:18 Pikeman
30:58 Squires
32:02 Blast Furnace
32:28 Chemistry
31:07 Halberdier
32:04 Chain Mail Armor
33:12 Stone Mining
34:12 Conscription
34:11 Burgundian Vineyards
34:53 Plate Mail Armor
35:23 Light Cavalry
36:41 Plate Barding Armor
36:30 Hussar
36:36 Paladin
37:37 Masonry
41:14 Stone Shaft Mining
43:01 Hoardings
47:31 Fletching
48:07 Ballistics
49:23 Padded Archer Armor
52:35 Caravan
53:06 Coinage
53:36 Bodkin Arrow
53:35 Hussar
57:33 Bracer
57:49 Leather Archer Armor
Connection lost

Rejoining the realm…

Still unreachable

The connection could not be restored.

Session expired

The server has moved on; the page needs a fresh start.